Map: Ulrena

Players

wardice

  • Race: Terran Terran
  • League: Silver

pupu - Winner!

  • Race: Protoss Protoss
  • League: Silver

VOD

Have the link to the VOD?

Description

Time

  • Played on: April 3, 2016, 11:45 a.m.
  • Length: 8:09
Show
View Real Time Build Order
Export as new Build Order

wardice Terran 

Build Orders:  

Get SALT Encoding   

  12  0:01  SCV  
  13  0:13  SCV  
  14  0:18  Supply Depot  
  14  0:25  SCV  
  15  0:32  Refinery  
  15  0:39  SCV  
  16  0:45  Barracks  
  16  0:51  SCV  
  16  0:56  Refinery  
  17  1:03  SCV  
  18  1:14  Engineering Bay  
  18  1:23  SCV  
  19  1:32  Barracks Tech Lab  
  19  1:37  Factory  
  19  1:40  SCV  
  20  1:53  Orbital Command  
  20  1:57  Concussive Shells  
  20  2:05  Marauder  
  22  2:14  Missile Turret  
  22  2:20  SCV  
  23  2:49  Supply Depot  
  23  2:59  Factory  
  23  3:06  Marine, SCV  
  23  3:11  Cyclone  
  25  3:17  Bunker  
  25  3:27  Marine  
  25  3:44  Marine  
  25  4:06  Factory Tech Lab  
  25  4:09  Marine  
  25  4:22  SCV  
  26  4:26  Mag-Field Accelerator  
  26  4:28  Barracks Reactor  
  26  4:37  Bunker  
  26  4:38  Factory Tech Lab  
  26  4:47  SCV  
  27  5:02  Cyclone  
  30  5:10  Barracks, Marine  
  30  5:11  Barracks  
  31  5:14  Supply Depot  
  31  5:15  Supply Depot  
  31  5:21  Supply Depot  
  31  5:36  Cyclone x2, Marine, SCV  
  31  5:38  Supply Depot  
  39  5:45  Terran Infantry Weapons Level 1  
  39  5:59  Barracks  
  39  6:08  Cyclone  
  39  6:10  Barracks Tech Lab  
  39  6:11  Barracks Tech Lab  
  39  6:30  Marine  
  39  6:31  Marine  
  26  6:57  Marine x4  
  28  7:14  Marine  
  28  7:15  Marine x3  
  28  7:16  Widow Mine  
  30  7:28  SCV  
  29  7:32  Marine x3  
  29  7:33  Marine  
Show
View Real Time Build Order
Export as new Build Order

pupu Protoss - Winner!

Build Orders:  

Get SALT Encoding   

  12  0:00  Probe (Chrono Boost)  
  13  0:11  Probe (Chrono Boost)  
  14  0:20  Pylon  
  14  0:22  Probe (Chrono Boost)  
  15  0:38  Probe (Chrono Boost)  
  15  0:40  Gateway  
  16  0:49  Probe (Chrono Boost), Assimilator  
  17  0:53  Assimilator  
  17  0:59  Probe (Chrono Boost)  
  18  1:09  Gateway  
  18  1:12  Probe (Chrono Boost)  
  19  1:22  Probe (Chrono Boost)  
  20  1:28  Cybernetics Core  
  20  1:33  Probe (Chrono Boost)  
  21  1:43  Probe (Chrono Boost)  
  21  1:45  Pylon  
  23  1:54  Probe (Chrono Boost)  
  23  2:04  Stalker x2  
  27  2:11  Mothership Core (Chrono Boost)  
  29  2:21  Warp Gate (Chrono Boost)  
  29  2:30  Probe  
  29  2:36  Pylon  
  30  2:42  Probe  
  31  2:54  Adept x2  
  33  3:14  Mothership Core  
  35  3:21  Stalker x2  
  35  3:24  Gateway  
  39  3:27  Gateway  
  33  4:20  Probe  
  34  4:31  Nexus  
  34  4:32  Pylon  
  34  4:33  Probe  
  34  4:35  Pylon  
  35  4:44  Gateway  
  35  4:45  Probe, Pylon  
  36  4:46  Gateway  
  36  4:48  Sentry  
  38  4:57  Probe  
  39  5:00  Pylon  
  39  5:09  Probe, Stalker  
  39  5:14  Stalker  
  45  5:21  Probe  
  45  5:25  Gateway  
  45  5:33  Probe  
  46  5:41  Probe  
  46  5:45  Probe, Stalker  
  46  5:46  Stalker  
  52  5:50  Sentry  
  52  5:52  Sentry  
  56  5:57  Probe  
  56  6:02  Probe  
  58  6:09  Probe  
  59  6:15  Stalker x2, Pylon  
  59  6:16  Stalker  
  65  6:19  Sentry  
  49  6:44  Stalker  
  49  6:45  Stalker x4  
  57  7:17  Stalker x5  
  57  7:18  Stalker x2  
  67  7:46  Stalker x3  
  67  7:47  Stalker x2  
  67  7:49  Probe  
  67  7:50  Probe  
Tags
 
Add a new tag
Caveats
  • Supply blocks, unpowered buildings, or Contaminate may cause inaccurate times.
  • Supply counts are checked every 10 seconds.